AoeStats
← _vishi_

Oasis

509290325Analyzed
4v4 RM · 6d ago on Sep 26, 2026· 32m 10s· 8 players
Game mode
Random Map
Map size
Large (8 player)
Population
200
Speed
Normal
Resources
Standard
Victory
Conquest
Starting age
Dark Age
Ending age
Imperial Age
RankedLock teamsTeams togetherTeam positionsShared explorationLock speedFull tech treeHidden civsTurbo modeCheats
Victory
Defeat
🇵🇪 Varangians · Peru
1464
+13
🇨🇴 Hindustanis · Colombia
1442
+14
🇲🇽 Saracens · Mexico
1384
+16
🇨🇴 Britons · Colombia
1219
+23
🇹🇼 Lithuanians · Taiwan
1424
-18
🇮🇳 Berbers · India
1393
-17
🇺🇸 Vietnamese · United States
1377
-16
🇫🇷 Saxons · France
1345
-15
AM | Rick2
2:26 Loom
9:35 Feudal Age
12:44 Fletching
15:25 Double-Bit Axe
22:00 Castle Age
20:23 Gold Mining
22:11 Crossbowman
22:48 Bodkin Arrow
22:54 Padded Archer Armor
24:03 Horse Collar
24:54 Leather Archer Armor
25:35 Ballistics
28:54 Husbandry
29:15 Bow Saw
33:00 Wheelbarrow
32:11 Town Watch
AM | AndresBC
6:56 Loom
9:32 Feudal Age
11:21 Double-Bit Axe
21:58 Castle Age
20:22 Forging
21:28 Bloodlines
21:52 Horse Collar
22:53 Wheelbarrow
23:13 Scale Barding Armor
23:43 Iron Casting
23:38 Husbandry
25:18 Chain Barding Armor
28:11 Bow Saw
AM | MANCO-KUN
5:16 Loom
9:47 Feudal Age
15:33 Fletching
22:53 Padded Archer Armor
26:57 Castle Age
25:03 Double-Bit Axe
25:11 Horse Collar
27:51 Thumb Ring
27:13 Crossbowman
28:12 Bodkin Arrow
30:14 Ballistics
Ing.Patrick QG
8:46 Feudal Age
9:16 Loom
10:01 Double-Bit Axe
10:45 Bloodlines
13:38 Forging
15:57 Scale Barding Armor
21:43 Castle Age
20:35 Horse Collar
21:47 Light Cavalry
23:21 Chain Barding Armor
23:03 Husbandry
25:10 Bow Saw
30:22 Iron Casting
The REAL Pepsiman
6:16 Loom
9:34 Feudal Age
10:35 Double-Bit Axe
16:08 Fletching
16:19 Padded Archer Armor
Maverick
6:34 Loom
9:17 Feudal Age
13:45 Fletching
13:47 Double-Bit Axe
27:26 Castle Age
_vishi_
10:49 Feudal Age
15:58 Castle Age
14:01 Double-Bit Axe
15:30 Wheelbarrow
15:16 Horse Collar
16:29 Fletching
19:04 Loom
19:34 Bodkin Arrow
26:45 Padded Archer Armor
28:42 Ballistics
28:56 Gold Mining
29:27 Bloodlines
30:57 Leather Archer Armor
32:09 Hand Cart
1165498765132
9:45 Feudal Age
10:38 Loom
12:37 Double-Bit Axe
15:01 Castle Age
13:13 Horse Collar
15:01 Fletching
15:19 Scale Barding Armor
25:02 Husbandry
26:17 Chain Barding Armor
Connection lost

Rejoining the realm…

Still unreachable

The connection could not be restored.

Session expired

The server has moved on; the page needs a fresh start.